 Dungeon Crawl Stone Soup version 0.21.0 (webtiles) character file.

317 MovingMist the Covered (level 6, -2/39 HPs)
             Began as a Gargoyle Fighter on Jan 6, 2018.
             Slain by Torax's ghost (4 damage)
             ... on level 4 of the Dungeon.
             The game lasted 00:07:24 (2353 turns).

MovingMist the Covered (Gargoyle Fighter)           Turns: 2353, Time: 00:07:24

Health: -2/39      AC: 11    Str: 19    XL:     6   Next: 45%
Magic:  6/6        EV:  8    Int:  9    God:
Gold:   95         SH:  9    Dex: 11    Spells: 5/5 levels left

rFire    . . .     SeeInvis .   p - +1 hand axe (elec)
rCold    . . .     Gourm    .   c - +0 shield
rNeg     + . .     Faith    .   b - +0 scale mail
rPois    ∞         Spirit   .   (no helmet)
rElec    +         Reflect  .   (no cloak)
rCorr    .         Harm     .   (no gloves)
MR       .....                  (no boots)
Stlth    ..........             (no amulet)
HPRegen  0.13/turn              (no ring)
MPRegen  0.10/turn              (no ring)

@: slowed, very slow
A: negative energy resistance 1, electricity resistance, unbreathing,
petrification resistance, rot immunity, AC +4
a: no special abilities


You were on level 4 of the Dungeon.
You were hungry.

You visited 1 branch of the dungeon, and saw 4 of its levels.

You collected 95 gold pieces.

Inventory:

Hand Weapons
 p - a +1 hand axe of electrocution (weapon)
Armour
 b - a +0 scale mail (worn)
 c - a +0 shield (worn)
Scrolls
 a - 2 scrolls of enchant weapon {unknown}
 g - a scroll of enchant armour {unknown}
 i - 2 scrolls of remove curse {unknown}
 k - 4 scrolls of identify {unknown}
 l - a scroll of blinking {unknown}
 m - a scroll of amnesia {unknown}
 n - a scroll of fear {unknown}
 o - a scroll of teleportation {unknown}
 r - a scroll of magic mapping {unknown}
 t - a scroll of immolation {unknown}
Potions
 d - a potion of might
 h - a potion of haste {unknown}
 j - a potion of degeneration {unknown}
 q - a potion of heal wounds {unknown}
 u - a potion of lignification {unknown}
Comestibles
 f - 4 rations
 s - 4 chunks of flesh


   Skills:
 + Level 4.7 Fighting
 + Level 3.3 Axes
 + Level 4.8 Armour
 + Level 2.3 Dodging
 - Level 3.2 Shields


You had 5 spell levels left.
You didn't know any spells.

Dungeon Overview and Level Annotations

Branches:
Dungeon (4/15)
 Temple: D:4-7

Altars:
Gozag

Annotations:
D:4 Torax's ghost, amateur GnAM


Innate Abilities, Weirdness & Mutations

You are resistant to torment.
Your stone body is resilient. (AC +4)
You are immune to poison.
You resist negative energy. (rN+)
You are resistant to electric shocks. (rElec)
You can survive without breathing.
You are immune to petrification.
You are immune to rotting.


Message History

You feel as though you will be slow longer.
Your shield and scale mail prevent you from hitting Torax's ghost.
Torax's ghost is severely damaged.
Torax's ghost casts a spell at you.
You feel as though you will be slow longer.
Torax's ghost gestures at you while chanting.
You already are as slow as you could be.
You completely miss Torax's ghost.
Torax's ghost is severely damaged.
You block Torax's ghost's attack. Torax's ghost completely misses you.
You hit Torax's ghost.
Torax's ghost is almost destroyed.
You are feeling hungry.
Torax's ghost hits you.
* * * LOW HITPOINT WARNING * * *
You miss Torax's ghost.
Torax's ghost is almost destroyed.
Torax's ghost gestures at you while chanting.
You resist with significant effort. Torax's ghost hits you.
You die...

.......... #........#
#...$<...# #........#
## #...$....#...
#..?.......#
#.........#
#..#######........#
#......@W<.......#
#.#######..........$.
##.##........
...#..####...
#.###.## #. #. .. .
.. .. ###


You could see Torax's ghost.

Vanquished Creatures
  An ogre (D:3)
  A centaur skeleton (D:4)
  An orc priest (D:3)
  Crazy Yiuf (D:3)
  A hound (D:3)
  Jessica (D:3)
  An adder (D:2)
  An ooze (D:3)
  A worm (D:2)
  2 dart slugs
  A leopard gecko (D:1)
  6 orcs (D:3)
  2 giant cockroaches (D:1)
  9 goblins
  5 hobgoblins
  4 jackals (D:2)
  8 kobolds
  2 quokkas
  A ball python (D:2)
  14 bats
  4 frilled lizards
  10 rats
77 creatures vanquished.

Notes
Turn   | Place    | Note
-------+----------+-------------------------------------------
     0 | D:1      | MovingMist the Gargoyle Fighter began the quest for the Orb.
     0 | D:1      | Reached XP level 1. HP: 14/14 MP: 1/1
    47 | D:1      | Reached XP level 2. HP: 17/19 MP: 2/2
   481 | D:1      | Reached XP level 3. HP: 23/23 MP: 3/3
   883 | D:2      | Reached skill level 1 in Dodging
  1261 | D:2      | Reached XP level 4. HP: 28/29 MP: 4/4
  1696 | D:3      | Noticed an ogre
  1700 | D:3      | Killed an ogre
  1700 | D:3      | Reached XP level 5. HP: 34/34 MP: 5/5
  1779 | D:3      | Reached XP level 6. HP: 39/39 MP: 6/6
  1833 | D:3      | Found an opulent altar of Gozag.
  2010 | D:3      | Found a runed door.
  2213 | D:3      | Noticed Crazy Yiuf
  2213 | D:3      | Noticed Jessica
  2220 | D:3      | Killed Jessica
  2224 | D:3      | Killed Crazy Yiuf
  2297 | D:4      | Noticed Torax's ghost (amateur GnAM)
  2353 | D:4      | Slain by Torax's ghost

Skill      XL: |  1  2  3  4  5 |
---------------+----------------+-----
Axes           | 2 3 |  3.3
Dodging        | 1 2 |  2.3
Armour         | 4 |  4.8
Fighting       | 4 |  4.7
Shields        | |  3.2

Action                   |  1- 3 |  4- 6 || total
-------------------------+-------+-------++-------
Melee: War axe           |   141 |       ||   141
       Hand axe          |    32 |   138 ||   170
  Use: Potion            |       |     2 ||     2
  Eat: Chunk             |     2 |     3 ||     5
Armor: Scale mail        |   111 |    68 ||   179
Dodge: Dodged            |    77 |    33 ||   110
Block: Shield            |   126 |    64 ||   190
